 Dungeon Crawl Stone Soup version 0.25-a0-667-gb977e01 (webtiles) character file.

Game seed: 14231847587109525584, levelgen mode: deterministic

59179 Darch the Warrior (level 14, -4/205 HPs)
             Began as a Minotaur Berserker on Mar 26, 2020.
             Was a Priest of Trog.
             Killed from afar by an oklob plant (7 damage)
             ... with a splash of acid
             ... on level 6 of the Lair of Beasts on Mar 28, 2020.
             The game lasted 03:13:31 (24521 turns).

Darch the Warrior (Minotaur Berserker)             Turns: 24521, Time: 03:13:32

Health: -4/205     AC: 11    Str: 23    XL:     14   Next: 52%
Magic:  0/13       EV: 16    Int:  4    God:    Trog [***...]
Gold:   1345       SH:  0    Dex: 24    Spells: 13/13 levels left

rFire    . . .     SeeInvis .   P - +4 battleaxe (flame)
rCold    + . .     Gourm    .   (shield currently unavailable)
rNeg     . . .     Faith    .   u - +0 plate armour of Astryin {Dex+6}
rPois    .         Spirit   +   (helmet restricted)
rElec    .         Reflect  .   K - +0 cloak {rC+}
rCorr    .         Harm     .   j - +0 pair of gloves
MR       +++..                  b - +0 pair of boots
Stlth    ..........             q - amulet of guardian spirit
HPRegen  1.44/turn              L - +4 ring of dexterity
MPRegen  0.13/turn              g - +2 ring of protection

@: berserking, corroded, regenerating, very quick
A: retaliatory headbutt, horns 2
a: Berserk, Trog's Hand, Renounce Religion


You were on level 6 of the Lair of Beasts.
You worshipped Trog.
Trog was most pleased with you.
You were hungry.

You visited 3 branches of the dungeon, and saw 19 of its levels.
You also visited: Ice Cave.

You collected 1483 gold pieces.
You spent 138 gold pieces at shops.

Inventory:

Hand Weapons
 p - a +0 war axe of freezing
 C - a +3 antimagic battleaxe
 P - a +4 battleaxe of flaming (weapon)
Missiles
 o - 53 poisoned darts (quivered)
Armour
 b - a +0 pair of boots (worn)
 j - a +0 pair of gloves (worn)
 u - the +0 plate armour of Astryin (worn) {Dex+6}
   (You found it on level 4 of the Lair of Beasts)

   It affects your dexterity (+6).
 D - a +1 kite shield of cold resistance
 I - a +3 plate armour of fire resistance
 K - a +0 cloak of cold resistance (worn)
Jewellery
 g - a +2 ring of protection (right hand)
 k - an uncursed ring of protection from cold
 q - an amulet of guardian spirit (around neck)
 w - an uncursed ring of flight
 L - a +4 ring of dexterity (left hand)
 O - a +3 ring of intelligence
Wands
 a - a wand of disintegration (10)
 y - a wand of clouds (8)
 A - a wand of polymorph (3)
 E - a wand of iceblast (10)
 G - a wand of flame (21)
 J - a wand of acid (18)
 M - a wand of random effects (17)
Scrolls
 d - a scroll of enchant weapon
 f - 7 scrolls of remove curse
 s - a scroll of blinking
 x - 7 scrolls of teleportation
 B - 2 scrolls of identify
 F - 3 scrolls of magic mapping
 H - a scroll of silence
Potions
 e - 7 potions of curing
 h - 4 potions of mutation
 i - 2 potions of magic
 l - a potion of berserk rage
 m - 3 potions of might
 n - 7 potions of haste
 r - 2 potions of resistance
 t - 2 potions of stabbing
 v - 2 potions of heal wounds
 z - a potion of cancellation
 Q - a potion of flight {unknown}
Comestibles
 c - 22 rations
 N - a chunk of flesh


   Skills:
 * Level 16.1 Fighting
 * Level 15.5(15.8) Axes
   Level 4.8(11.4) Maces & Flails
 * Level 14.6 Armour
 + Level 11.3 Dodging
 * Level 7.5 Shields


You had 13 spell levels left.
You didn't know any spells.
Your spell library contained the following spells:

 Spells                   Type           Power        Failure   Level  Hunger
 Beastly Appendage        Tmut           #.....       99%         1    ##.....
 Sticks to Snakes         Tmut           #.......     100%        2    ###....
 Spider Form              Tmut/Pois      #.........   100%        3    ####...
 Ice Form                 Ice/Tmut       #.......     100%        4    #####..
 Blade Hands              Tmut           #.........   100%        5    ######.


Dungeon Overview and Level Annotations

Branches:
Dungeon (12/15)            Temple (0/1) D:7            Lair (6/6) D:11
 Shoals (0/4) Lair:3        Slime (1/5) Lair:5          Orc (0/2) D:10
  IceCv (visited)
  Snake: Lair:2-4    Spider: Lair:2-4

Altars:
Ashenzari
Cheibriados
Dithmenos
Fedhas
Gozag
Hepliaklqana
Kikubaaqudgha
Makhleb
Okawaru
Qazlal
Ru
Uskayaw
Vehumet
Yredelemnul
The Shining One
Beogh
Jiyva

Shops:
D:4 *   D:8 *   D:9 *

Annotations:
Lair:6 exclusion: 3 oklob plants


Innate Abilities, Weirdness & Mutations

You reflexively headbutt those who attack you in melee.
You have a pair of horns on your head.


Message History

* * * LOW HITPOINT WARNING * * *
You are splashed with acid!
* * * LOW HITPOINT WARNING * * *
The oklob plant spits acid at you. The splash of acid hits you!
* * * LOW HITPOINT WARNING * * *
You are splashed with acid!
* * * LOW HITPOINT WARNING * * *
You slice the oklob plant like a ripe choko!!!
You burn the oklob plant.
You destroy the oklob plant!
Trog accepts your kill.
You hit the oklob plant but do no damage.
You slash the oklob plant! You burn the oklob plant. You hit the oklob plant.
You burn the oklob plant.
The oklob plant is moderately damaged.
You slash the oklob plant! You burn the oklob plant.
The oklob plant spits acid at you. The splash of acid hits you!
You die...

..............#....#
........#.....#....#
......#.......##.###
..............#P.#
......#..#...#...#
........####...#######
.......P.##.....$)[.:#
..................P..#
................@.$$(#
................PP$$.#
...............P$)...#
......#.##.+...#######
.......####.......#
.......## #..P#P)##
..(....P#...####..#
......###... #.).#
......P# #..##


You could see 3 oklob plants.

Vanquished Creatures
  A white draconian (IceCv)
  Josephine (D:10)
  4 hydras
  Erica (Lair:2)
  A two-headed ogre (D:9)
  A centaur warrior (D:9)
  5 death yaks (Lair:4)
  2 sea snakes (Lair:6)
  3 ugly things
  A deep elf mage (D:12)
  2 oklob plants
  7 elephants
  2 cyclopes
  Joseph (D:9)
  5 black mambas
  An ice statue (IceCv)
  A centaur skeleton (D:10)
  5 rime drakes
  18 spiny frogs
  9 komodo dragons
  Maggie (D:10)
  21 polar bears
  2 hornets (Lair:6)
  3 trolls
  5 blink frogs
  3 slime creatures
  5 hippogriffs
  A snapping turtle (Lair:3)
  The ghost of johnnnnnny the Sneak, an amateur TeEn (D:7)
  4 wraiths (D:10)
  40 yaks
  A water elemental (D:11)
  A human (D:7)
  2 wyverns
  A steam dragon (D:12)
  3 hogs (D:7)
  3 hungry ghosts
  23 water moccasins
  8 porcupines
  12 orc warriors
  5 black bears
  3 ice beasts
  2 sky beasts
  An eye of draining (D:6)
  3 phantoms
  8 wolves
  9 ogres
  7 centaurs
  16 crocodiles
  4 big kobolds
  14 bullfrogs
  2 gnoll sergeants
  3 scorpions
  14 killer bees
  3 wights (D:7)
  2 electric eels
  9 howler monkeys
  2 bullfrog zombies
  2 centaur zombies
  A quasit (D:6)
  8 crimson imps
  A gnoll shaman (D:9)
  5 hounds
  2 jellies
  9 orc priests
  4 bullfrog skeletons
  3 iguanas
  18 orc wizards
  11 worker ants
  A killer bee zombie (D:5)
  2 hound skeletons
  A worker ant zombie (D:5)
  A howler monkey zombie (D:10)
  2 howler monkey skeletons
  24 adders
  19 gnolls
  7 shadow imps
  4 oozes
  An adder skeleton (D:4)
  2 adder zombies
  3 worms (D:2)
  2 dart slugs
  8 leopard geckos
  63 orcs
  A ball python (D:5)
  7 bats
  6 giant cockroaches
  2 gnoll zombies (D:2)
  5 goblins
  5 hobgoblins
  5 jackals
  7 quokkas
  2 frilled lizards
  A giant cockroach zombie (D:5)
  2 jackal skeletons
  24 kobolds
  7 rats
  A bush (D:1)
  2 fungi (D:11)
  13 plants
612 creatures vanquished.

Vanquished Creatures (collateral kills)
  A merfolk avatar (Lair:6)
  A two-headed ogre (D:9)
  Sonja (D:10)
  A polar bear (IceCv)
  A wind drake (Lair:6)
  2 yaks (IceCv)
  An orc warrior (D:9)
  A plant (Lair:6)
9 creatures vanquished.

Vanquished Creatures (others)
  41 fungi
  28 plants
69 creatures vanquished.

Grand Total: 690 creatures vanquished

Notes
Turn   | Place    | Note
-------+----------+-------------------------------------------
     0 | D:1      | Darch the Minotaur Berserker began the quest for the Orb.
     0 | D:1      | Reached XP level 1. HP: 19/19 MP: 0/0
   100 | D:1      | Reached XP level 2. HP: 24/27 MP: 1/1
   263 | D:1      | Reached skill level 4 in Fighting
   567 | D:1      | Reached XP level 3. HP: 29/33 MP: 2/2
  1042 | D:2      | Reached ** piety under Trog
  1276 | D:2      | Reached XP level 4. HP: 30/41 MP: 3/3
  1719 | D:2      | Found a basalt altar of Yredelemnul.
  2111 | D:3      | Reached skill level 5 in Fighting
  2140 | D:3      | Reached XP level 5. HP: 45/48 MP: 4/4
  2231 | D:3      | Reached skill level 1 in Axes
  2673 | D:4      | Upgraded the game from 0.25-a0-663-gace7076 to
                  | 0.25-a0-665-ga69d640
  2697 | D:4      | Found a radiant altar of Vehumet.
  2754 | D:4      | Found a burning altar of Makhleb.
  3002 | D:4      | Noticed an ogre
  3019 | D:4      | Killed an ogre
  3019 | D:4      | Reached XP level 6. HP: 18/57 MP: 3/5
  3358 | D:4      | Reached *** piety under Trog
  3359 | D:4      | Reached skill level 6 in Fighting
  3376 | D:4      | Found an iron altar of Okawaru.
  3452 | D:4      | Found a shattered altar of Ashenzari.
  3452 | D:4      | Found a shadowy altar of Dithmenos.
  3571 | D:4      | Found Waghy's Assorted Antiques.
  3633 | D:4      | Reached XP level 7. HP: 48/64 MP: 4/6
  3995 | D:4      | Reached skill level 10 in Fighting
  3995 | D:4      | Reached XP level 8. HP: 81/81 MP: 7/7
  4001 | D:5      | Entered Level 5 of the Dungeon
  4018 | D:5      | Noticed a +0 hand axe
  4018 | D:5      | Noticed a +0 hand axe
  4019 | D:5      | Found a hide-covered altar of Uskayaw.
  4293 | D:5      | Found an opulent altar of Gozag.
  4339 | D:5      | Found an opulent altar of Gozag.
  4464 | D:5      | Found a hazy altar of Hepliaklqana.
  5237 | D:5      | Reached skill level 11 in Fighting
  5300 | D:5      | Reached XP level 9. HP: 89/89 MP: 8/8
  5381 | D:5      | Reached **** piety under Trog
  5422 | D:5      | Reached skill level 10 in Axes
  5695 | D:6      | Found an ancient bone altar of Kikubaaqudgha.
  5882 | D:6      | Found a snail-covered altar of Cheibriados.
  5883 | D:6      | Found a stormy altar of Qazlal.
  6600 | D:7      | Found a staircase to the Ecumenical Temple.
  6664 | D:7      | Found a large runed translucent door.
  6664 | D:7      | Found a large runed translucent door.
  6722 | D:7      | Reached ***** piety under Trog
  6722 | D:7      | Received a gift from Trog
  6838 | D:7      | Reached XP level 10. HP: 92/96 MP: 3/9
  7241 | D:7      | Noticed johnnnnnny's ghost (amateur TeEn)
  7248 | D:7      | Killed johnnnnnny's ghost
  7505 | D:8      | Reached skill level 12 in Fighting
  7998 | D:8      | Found Voimus's General Store.
  8012 | D:8      | Bought a +1 cloak for 138 gold pieces
  8065 | D:8      | Found a sacrificial altar of Ru.
  8103 | D:8      | Found a hazy altar of Hepliaklqana.
  8548 | D:9      | Noticed Psyche
  8549 | D:9      | Noticed Psyche
  8549 | D:9      | Psyche changed into Psyche the wolf
  8553 | D:9      | Killed Psyche the wolf
  8553 | D:9      | Noticed a two-headed ogre
  8569 | D:9      | Killed a two-headed ogre
  8713 | D:9      | Noticed Joseph
  8724 | D:9      | Killed Joseph
  8891 | D:9      | Found a large runed translucent door.
  8892 | D:9      | Found a large runed translucent door.
  8915 | D:9      | Noticed a centaur warrior
  8916 | D:9      | Noticed a two-headed ogre
  8926 | D:9      | Found Gime's General Store.
  8956 | D:9      | Reached skill level 10 in Armour
  8983 | D:9      | Noticed a cyclops
  8988 | D:9      | Killed a cyclops
  8988 | D:9      | Reached XP level 11. HP: 105/105 MP: 3/10
  9075 | D:9      | Found a blossoming altar of Fedhas.
  9529 | D:9      | Received a gift from Trog
  9696 | D:9      | Got an encrusted ring mail
  9757 | D:9      | Found an iron altar of Okawaru.
  9757 | D:9      | Found an iron altar of Okawaru.
  9761 | D:9      | Killed a two-headed ogre
  9769 | D:9      | Killed a centaur warrior
  9887 | D:10     | Entered Level 10 of the Dungeon
  9922 | D:10     | Noticed Sonja
  9927 | D:10     | Killed Sonja
 10003 | D:10     | Noticed Maggie
 10017 | D:10     | Killed Maggie
 10090 | D:10     | Reached skill level 13 in Fighting
 10450 | D:10     | Found a staircase to the Orcish Mines.
 10544 | D:10     | Noticed Josephine
 10562 | D:10     | Killed Josephine
 10771 | D:10     | Found a roughly hewn altar of Beogh.
 11324 | D:11     | Reached XP level 12. HP: 87/115 MP: 2/11
 11494 | D:11     | Found a staircase to the Lair.
 11712 | D:11     | Received a gift from Trog
 12204 | D:11     | Found a shadowy altar of Dithmenos.
 12223 | D:11     | You fall into a shaft and drop 1 floor!
 12274 | D:12     | Reached skill level 14 in Fighting
 12776 | D:12     | HP: 1/117 [very large slime creature (52)]
 12794 | D:11     | Reached skill level 10 in Dodging
 13030 | D:11     | Upgraded the game from 0.25-a0-665-ga69d640 to
                  | 0.25-a0-667-gb977e01
 13034 | Lair:1   | Entered Level 1 of the Lair of Beasts
 13102 | Lair:1   | Found a frozen archway.
 13127 | IceCv    | Entered an ice cave
 13920 | IceCv    | Noticed a white draconian
 13942 | IceCv    | Killed a white draconian
 13942 | IceCv    | Reached XP level 13. HP: 125/125 MP: 4/12
 14411 | Lair:1   | Found a shattered altar of Ashenzari.
 14480 | Lair:1   | Reached skill level 1 in Shields
 14994 | Lair:1   | Reached skill level 15 in Fighting
 15403 | Lair:2   | Found an iron altar of Okawaru.
 15569 | Lair:2   | Noticed Erica
 15578 | Lair:2   | Killed Erica
 16741 | Lair:3   | Found a staircase to the Shoals.
 17139 | Lair:3   | Received a gift from Trog
 17482 | Lair:4   | Got an ancient plate armour
 17493 | Lair:4   | Identified the cursed +0 plate armour of Astryin {Dex+6}
                  | (You found it on level 4 of the Lair of Beasts)
 17525 | Lair:4   | Reached skill level 5 in Shields
 18157 | Lair:4   | Reached skill level 15 in Axes
 18187 | Lair:4   | Reached XP level 14. HP: 130/135 MP: 13/13
 18202 | Lair:4   | Got a smoking war axe
 18203 | Lair:4   | Lost intelligence.
 18203 | Lair:4   | Identified the cursed +2 war axe of Ambiguity {vorpal, rN+
                  | Int-4 Stlth+} (You found it on level 4 of the Lair of
                  | Beasts)
 18763 | Lair:2   | Lost intelligence.
 18882 | Lair:5   | Found a glowing golden altar of the Shining One.
 18914 | Lair:5   | Found a staircase to the Slime Pits.
 18926 | Lair:5   | Found a viscous altar of Jiyva.
 19008 | Lair:5   | Lost intelligence.
 19490 | Lair:5   | Received a gift from Trog
 20098 | Lair:5   | Found the +3 robe of Folly {Archmagi, MR-- Int+5}
 22616 | Slime:1  | Entered Level 1 of the Pits of Slime
 22644 | Lair:6   | Entered Level 6 of the Lair of Beasts
 23467 | Lair:6   | Reached skill level 16 in Fighting
 24519 | Lair:6   | HP: 2/205 [acid (10)]
 24521 | Lair:6   | Killed from afar by an oklob plant

Levels and vault maps discovered:
D:1:      dpeg_arrival_long_road, layout_loops_ring, lexackson_kobold_supper
D:2:      layout_rooms, lemuel_zombie_altar_yredelemnul, first_ration
D:3:      layout_basic, grunt_decor_cap
D:4:      layout_basic, old_standard_altar, lightli_temple_of_fire,
          gammafunk_temple_overflow_statue, marbit_many_paths, serial_shops,
          shop, grunt_decor_arrowhead
D:5:      kennysheep_windowed_halls, layout_basic, dancing_weapons_uskayaw,
          kennysheep_mini_moat, basic_altar, nicolae_gozag_seed_capital
D:6:      layout_cave_pools, kiku_gazebo_garden_becter,
          gammafunk_temple_overflow_pools, serial_bayou_pond_e
D:7:      minmay_slanted_spiral_squares, layout_cave_pods,
          minmay_temple_entry_glassed_door, ebering_ghost_disaster_area,
          grunt_livestock
D:8:      layout_cave_pools, kennysheep_little_box,
          nicolae_overflow_crystal_walls, serial_shops, nicolae_shop_stone
D:9:      okawaru_arena_lexackson, layout_loops_corners, serial_shops, shop,
          fedhas_bush_and_centaur_altar, uniq_joseph, uniq_psyche
D:10:     layout_irregular_city, minmay_orc_entry_temple_small, uniq_maggie,
          uniq_josephine, uniq_sonja
D:11:     layout_loops_ring, due_lair_maze_entry_diamond, basic_altar,
          serial_bayou_ford_a
D:12:     minmay_five_octagons, layout_layer_cave
Lair:1:   cheibrodos_lair_river_kwai, layout_loops_ring, basic_altar,
          portal_ice_cave_rime
Lair:2:   layout_small_grid, basic_altar, serial_bayou_shore_a, uniq_erica
Lair:3:   layout_misc_corridors, minmay_shoals_entry_hut
Lair:4:   lemuel_reptile_caves, layout_loops_ring, dummy_snake_entry
Lair:5:   layout_roguey, slime_altar_1, basic_altar, st_stairs_3,
          grunt_megastairs_2
Lair:6:   gammafunk_lair_ancient_temple, layout_regular_city,
          minmay_lair_oklob_chamber
Slime:1:  layout_caves

Skill      XL: |  1  2  3  4  5  6  7  8  9 10 11 12 13 14 |
---------------+-------------------------------------------+-----
Maces & Flails | 4 |  4.8
Fighting       | 4 5 6 10 11 12 13 14 15 16 | 16.1
Armour         | 3 4 7 8 10 11 13 14 | 14.6
Dodging        | 3 6 7 8 9 10 11 | 11.3
Axes           | 2 3 9 10 11 12 14 15 | 15.5
Shields        | 5 7 |  7.5

Action                   |  1- 3 |  4- 6 |  7- 9 | 10-12 | 13-15 || total
-------------------------+-------+-------+-------+-------+-------++-------
Melee: Mace              |   186 |    47 |       |       |       ||   233
       Headbutt          |    53 |    28 |    63 |   164 |   169 ||   477
       War axe           |       |    82 |   271 |       |   419 ||   772
       Battleaxe         |       |       |    11 |   715 |   178 ||   904
Invok: Trog's Hand       |       |     1 |     1 |     4 |     2 ||     8
       Berserk           |       |       |     1 |     4 |     1 ||     6
       Brothers in Arms  |       |       |       |     4 |     2 ||     6
Evoke: Wand              |       |       |       |     1 |       ||     1
  Use: Scroll            |       |     4 |     9 |    12 |    10 ||    35
       Potion            |       |     1 |     1 |     5 |       ||     7
 Stab: Invisible         |       |     1 |       |       |       ||     1
  Eat: Chunk             |     1 |     8 |     8 |    17 |    14 ||    48
       Ration            |       |       |     1 |     5 |     7 ||    13
Armor: Animal skin       |    14 |     6 |       |       |       ||    20
       Ring mail         |       |    13 |       |       |       ||    13
       Scale mail        |       |    14 |       |       |       ||    14
       Plate armour      |       |    29 |   167 |   458 |   229 ||   883
Dodge: Dodged            |    41 |    70 |   140 |   405 |   238 ||   894
Block: Kite shield       |       |       |       |       |   164 ||   164

Table legend:
 A = Non-vault XP
 B = Vault XP
 C = Vault XP percentage of total XP
 D = Non-vault monster count
 E = Vault monster count
 F = Vault count percentage of total count
                 A         B        C        D         E       F
            +---------+---------+-------+---------+---------+-------
      Total |   50097 |   33590 |  40.1 |     434 |     170 |  28.1
            +---------+---------+-------+---------+---------+-------
        D:1 |      32 |      12 |  27.3 |      15 |       8 |  34.8
        D:2 |      59 |       3 |   4.8 |      15 |       2 |  11.8
        D:3 |     173 |       0 |   0.0 |      25 |       0 |   0.0
        D:4 |     620 |       0 |   0.0 |      21 |       0 |   0.0
        D:5 |     824 |     499 |  37.7 |      34 |      17 |  33.3
        D:6 |    1405 |       0 |   0.0 |      33 |       0 |   0.0
        D:7 |     908 |    2326 |  71.9 |      21 |      18 |  46.2
        D:8 |    1093 |       0 |   0.0 |      23 |       0 |   0.0
        D:9 |    4843 |     688 |  12.4 |      45 |       3 |   6.2
       D:10 |    3604 |    3295 |  47.8 |      37 |      15 |  28.8
       D:11 |    3798 |    1141 |  23.1 |      47 |       9 |  16.1
       D:12 |    2682 |     566 |  17.4 |      20 |       4 |  16.7
     Lair:1 |    4876 |    2552 |  34.4 |      19 |       8 |  29.6
     Lair:2 |    1393 |     944 |  40.4 |       7 |       1 |  12.5
     Lair:3 |    5830 |     232 |   3.8 |      20 |       1 |   4.8
     Lair:4 |    9178 |    1411 |  13.3 |      23 |      15 |  39.5
     Lair:5 |    3757 |     638 |  14.5 |      12 |       3 |  20.0
     Lair:6 |    5022 |   10175 |  67.0 |      17 |      30 |  63.8
      IceCv |       0 |    9108 | 100.0 |       0 |      36 | 100.0
            +---------+---------+-------+---------+---------+-------
